 Dungeon Crawl Stone Soup version 0.29-a0-275-g389c0b56f3 (webtiles) character file.

Game seed: 7991373045163148662

56 GordonOverkill the Shooter (level 3, -4/20 HPs)
             Began as a Deep Elf Hunter on Mar 9, 2022.
             Slain by an orc
             ... wielding a +0 short sword
              (5 damage)
             ... on level 1 of the Dungeon.
             The game lasted 00:02:29 (1247 turns).

GordonOverkill the Shooter (Deep Elf Hunter)        Turns: 1247, Time: 00:02:30

Health: -4/20      AC:  3    Str: 11    XL:     3   Next: 69%
Magic:  5/5        EV: 12    Int: 15    God:
Gold:   75         SH:  0    Dex: 15    Spells: 2/2 levels left

rFire   . . .      SeeInvis .   a - +1 shortbow
rCold   . . .      Faith    .   (shield currently unavailable)
rNeg    . . .      Spirit   .   b - +0 leather armour
rPois   .          Reflect  .   (no helmet)
rElec   .          Harm     .   (no cloak)
rCorr   .          Rampage  .   (no gloves)
Will    .....                   (no boots)
Stlth   ++........              (no amulet)
HPRegen 0.06/turn               (no ring)
MPRegen 0.09/turn               (no ring)

@: no status effects
A: no striking features
a: no special abilities


You were on level 1 of the Dungeon.
You visited 1 branch of the dungeon, and saw 2 of its levels.

You collected 75 gold pieces.

Inventory:

Hand Weapons
 a - a +1 shortbow (weapon)
Armour
 b - a +0 leather armour (worn)
 g - a +0 chain mail
Scrolls
 c - a scroll of immolation
 d - a scroll of identify {unknown}
 f - a scroll of teleportation {unknown}
 h - a scroll of acquirement {unknown}
Potions
 e - a potion of attraction {unknown}
 i - a potion of mutation {unknown}
 j - a potion of lignification {unknown}


   Skills:
 - Level 1.5 Fighting
 + Level 7.2 Bows
 - Level 2.4 Dodging
 - Level 1.2 Stealth


You had 2 spell levels left.
You didn't know any spells.
Your spell library was empty.

Dungeon Overview and Level Annotations

Branches:
Dungeon (2/15)

Altars:
Elyvilon

Shops:
D:1 *   D:2 [


Message History

You shoot an arrow. The arrow closely misses the orc.
The arrow hits the orc but does no damage.
You shoot an arrow. The arrow hits the orc.
The orc is almost dead.
The orc priest looks satisfied for a moment.
You shoot an arrow. The arrow hits the orc!
You kill the orc!
The orc priest begins to cast a cantrip, but forgets the words!
You shoot an arrow. The arrow closely misses the orc.
The arrow closely misses the orc priest.
You shoot an arrow. The arrow hits the orc.
The orc is heavily wounded.
The orc attacks as you move away! The orc closely misses you.
The orc attacks as you move away! The orc closely misses you.
The orc priest calls upon Beogh to heal the orc.
The orc's wounds heal themselves!
The orc priest calls down the wrath of Beogh upon you.
Beogh smites you!
Ouch! That really hurt!
* * * LOW HITPOINT WARNING * * *
The orc attacks as you move away! The orc barely misses you.
The orc attacks as you move away! The orc hits you with a +0 short sword.
* * * LOW HITPOINT WARNING * * *
The orc attacks as you move away! The orc misses you.
The orc attacks as you move away! The orc hits you with a +0 short sword.
* * * LOW HITPOINT WARNING * * *
The orc priest casts a cantrip, but nothing happens.
There is a stone staircase leading up here.
The orc hits you with a +0 short sword.
* * * LOW HITPOINT WARNING * * *
You climb upwards.
There is a stone staircase leading down here.
The orc attacks as you move away! The orc misses you.
The orc attacks as you move away! The orc closely misses you.
The orc attacks as you move away! The orc hits you but does no damage.
The orc attacks as you move away! The orc closely misses you.
The orc attacks as you move away! The orc hits you with a +0 short sword.
* * * LOW HITPOINT WARNING * * *
The orc attacks as you move away! The orc hits you with a +0 short sword.
You die...

#.# #...# #.##.# #...
######.###).## #.##.#######..#
#..∩........# #...†.......)..
#.####.####.# ###.########..#
#.# #># #.# #.# #.## #.# #.# #.#
#.# #.# #.# #.# #.# #.# #.# #)#
#.####.#########.# #.# #.#
#.##......o@.....# #.# #.#
#....#.########### ##.## #.#
######.# ##.#.# #.##
#.############ #.###.
.#.########.##.........# ##.#.#
###..........#.........# ##.##
.#.########>...........# #.#
#.## #....<.......# #.#
###########..#....8....#######.#


You could see an orc.

Vanquished Creatures
  An adder (D:2)
  2 dart slugs
  An orc (D:2)
  3 endoplasms
  A giant cockroach (D:1)
  3 goblins
  8 hobgoblins
  3 jackals (D:2)
  2 quokkas (D:1)
  A ball python (D:1)
  2 bats
  3 frilled lizards (D:1)
  6 kobolds (D:1)
  A rat (D:1)
37 creatures vanquished.

Notes
Turn   | Place    | Note
-------+----------+-------------------------------------------
     0 | D:1      | GordonOverkill the Deep Elf Hunter began the quest for the
                  | Orb.
     0 | D:1      | Reached XP level 1. HP: 12/12 MP: 3/3
   118 | D:1      | Found a faded altar of an unknown god.
   261 | D:1      | Reached XP level 2. HP: 11/16 MP: 4/4
   399 | D:1      | Reached skill level 6 in Bows
   741 | D:1      | Found Solexasu's General Store.
   763 | D:1      | Reached XP level 3. HP: 20/20 MP: 5/5
  1035 | D:2      | Found Jeoner Doemm's Armour Shop.
  1055 | D:2      | Reached skill level 7 in Bows
  1062 | D:2      | Found a white marble altar of Elyvilon.
  1242 | D:1      | HP: 1/20 [orc/+0 short sword (2)]
  1247 | D:1      | Slain by an orc

Illustrated notes

Levels and vault maps discovered:
D:1:      wander_arrival_lonely_grave, layout_loops_ring,
          ebering_ecumenical_altar_webs, serial_shops, shop
D:2:      layout_rooms, serial_shops, nicolae_shop_statue_plus, basic_altar

Skill      XL: |  1  2  3 |
---------------+----------+-----
Bows           | 6 7 |  7.2
Fighting       | |  1.5
Dodging        | |  2.4
Stealth        | |  1.2

Action                   || total
-------------------------++-------
 Fire: Shortbow          ||    91
Armor: Leather armour    ||     6
Dodge: Dodged            ||    22

Table legend: (Time is in decaauts)
 A = Elapsed time spent in this place.
 B = Non-inter-level travel time spent in this place.
 C = Inter-level travel time spent in this place.
 D = Time resting spent in this place.
 E = Time spent auto-exploring this place.
 F = Levels seen in this place.
 G = Mean time per level.
                   A        B        C        D        E       F      G
               +--------+--------+--------+--------+--------+-----+--------+
         Total |   1270 |   1178 |     92 |    315 |    584 |   2 |  635.0 |
       Dungeon |   1270 |   1178 |     92 |    315 |    584 |   2 |  635.0 |
               +--------+--------+--------+--------+--------+-----+--------+

Top non-repeatable levels by time:
     D:1: 1064 daAuts
     D:2: 206 daAuts
